 Dungeon Crawl Stone Soup version 0.27.1-2-g3b301248ec (webtiles) character file.

Game seed: 16662910361199055087

737 worthlessgem the Magician (level 8, -3/58 HPs)
             Began as a Djinni Warper on Sept 24, 2021.
             Was a Follower of Elyvilon.
             Slain by a wyvern zombie (13 damage)
             ... on level 5 of the Dungeon.
             The game lasted 00:22:41 (5465 turns).

worthlessgem the Magician (Djinni Warper)           Turns: 5465, Time: 00:22:43

Health: -3/58      AC:  3    Str: 10    XL:     8   Next: 4%
Gold:   266        EV: 11    Int: 17    God:    Elyvilon [*.....] SH:  0 Dex: 13

rFire    + + .     SeeInvis .   j - +1 war axe of Moeramy {vorpal, rN+}
rCold    x . .     Faith    .   (no shield)
rNeg     + . .     Spirit   .   t - +0 leather armour
rPois    ∞         Reflect  .   (no helmet)
rElec    .         Harm     .   (no cloak)
rCorr    .         Rampage  .   (no gloves)
Will     .....                  (boots unavailable)
Stlth    +.........             v - amulet of regeneration
HPRegen  1.19/turn              (no ring)
MPRegen  0.00/turn              (no ring)

@: flying
A: sickness immunity, fire resistance 2, cold vulnerability 1, float, innate
caster, hp casting, extra vitality 1
a: Renounce Religion, Lesser Healing, Divine Protection


You were on level 5 of the Dungeon.
You worshipped Elyvilon.
Elyvilon was aware of your devotion.
You visited 2 branches of the dungeon, and saw 6 of its levels.

You collected 266 gold pieces.

Inventory:

Hand Weapons
 a - a +2 spear of venom
 b - a +0 hunting sling
 j - the +1 war axe of Moeramy (weapon) {vorpal, rN+}
   (You found it on level 5 of the Dungeon)

   It inflicts extra damage upon your enemies.
   rN:        It protects you from negative energy.
 s - a +0 long sword
Missiles
 d - 5 boomerangs of dispersal
 h - 26 poisoned darts
 k - 105 stones
 l - 13 sling bullets
Armour
 t - a +0 leather armour (worn)
Jewellery
 v - an amulet of regeneration (around neck)
Scrolls
 c - a scroll of blinking
 e - a scroll of amnesia {unknown}
 g - a scroll of noise {unknown}
 m - a scroll of teleportation
 n - 2 scrolls of torment {unknown}
 o - 4 scrolls of magic mapping {unknown}
 r - 2 scrolls of fear {unknown}
 x - 2 scrolls of identify
 y - a scroll of enchant weapon {unknown}
 z - a scroll of brand weapon {unknown}
 B - a scroll of acquirement {unknown}
Potions
 f - a potion of attraction {unknown}
 i - a potion of mutation
 p - a potion of brilliance
 q - 2 potions of curing
 u - a potion of berserk rage {unknown}
 w - 2 potions of heal wounds {unknown}
 A - a potion of ambrosia {unknown}


   Skills:
 + Level 4.3 Fighting
 * Level 4.4 Long Blades
 - Level 0.7 Throwing
 - Level 1.0 Armour
 - Level 2.1 Dodging
 - Level 5.0 Spellcasting


You couldn't memorise any spells.
You knew the following spells:

 Your Spells              Type           Power      Damage    Failure   Level
a - Blink                 Tloc           N/A        N/A       3%          2
b - Lesser Beckoning      Tloc           10%        N/A       8%          3
c - Gell's Gravitas       Tloc           10%        N/A       8%          3
d - Teleport Other        Tloc           21%        N/A       8%          3
e - Manifold Assault      Tloc           21%        N/A       56%         5
f - Shock                 Conj/Air       84%        1d8       2%          1
g - Passwall              Tmut/Erth      17%        N/A       3%          2
h - Poisonous Vapours     Pois/Air       42%        N/A       3%          2
Your spell library was empty.

Dungeon Overview and Level Annotations

Branches:
Dungeon (5/15)             Temple (1/1) D:4

Altars:
Ashenzari
Cheibriados
Elyvilon
Fedhas
Gozag
Hepliaklqana
Makhleb
Okawaru
Ru
Sif Muna
Uskayaw
Wu Jian
Xom
Zin
The Shining One

Annotations:
D:3 1 runed translucent door, 0gre's ghost, weakling GnCj


Innate Abilities, Weirdness & Mutations

You are immune to sickness and miasma.
You are immune to poison.
Your flesh is very heat resistant. (rF++)
You are vulnerable to cold. (rC-)
You float through the air rather than walking.
You learn spells naturally, not from books.
Your magical power is your life essence.
You have superior vitality. (+4 HP)


Message History

You hit the wyvern zombie.
The wyvern zombie is lightly damaged.
The wyvern zombie misses you. The wyvern zombie bites you!
You hit the wyvern zombie.
The wyvern zombie is lightly damaged.
The wyvern zombie closely misses you. The wyvern zombie bites you.
You hit the wyvern zombie.
The wyvern zombie is moderately damaged.
The wyvern zombie closely misses you. The wyvern zombie bites you.
You hit the wyvern zombie.
The wyvern zombie is heavily damaged.
The wyvern zombie barely misses you. The wyvern zombie bites you!
You slash the wyvern zombie!
The wyvern zombie is severely damaged.
The wyvern zombie bites you! The wyvern zombie barely misses you.
The wyvern zombie barely misses you.
You hit the wyvern zombie but do no damage.
The wyvern zombie is severely damaged.
The wyvern zombie bites you!
* * * LOW HITPOINT WARNING * * *
The wyvern zombie bites you.
* * * LOW HITPOINT WARNING * * *
The wyvern zombie bites you but does no damage.
The wyvern zombie barely misses you. The wyvern zombie bites you!
* * * LOW HITPOINT WARNING * * *
The wyvern zombie bites you but does no damage.
There is an open door here.
The wyvern zombie bites you!
* * * LOW HITPOINT WARNING * * *
The wyvern zombie closely misses you.
Casting: Teleport Other (dangerous; 8% risk of failure)
Confirm with . or Enter, or press ? or * to list all spells.
Aiming: Teleport Other (dangerous; 8% risk of failure)
Press: ? - help, Shift-Dir - straight line, f/p - ice beast
Aim: an ice beast (chance to affect: 60%)
The wyvern zombie looks slightly unstable.
* * * LOW HITPOINT WARNING * * *
The wyvern zombie bites you!
You die...

#.#...<...#
######################.#.##.####
.......<.................:..#####
.####.################.#.#.......
................)...............>
..........................#.###..
..........................#..##..
.....###'##############...##.##..
.....#....Y....Z@.....#...##..#..
.....#..>##########...#...###.#.#
.....#...#........#...#...# #.#^#
.....#............#...#...###.#8#
.....#............#...#.......#^#
.....#............#...#...#.#.#.#
.....#............#...#...#.##...
#....#............#...#..<####.#.
#....#...#........#...#)..# #...


You could see an ice beast and a wyvern zombie.

Vanquished Creatures
  A sky beast (D:5)
  2 ogres
  A phantom (D:4)
  A howler monkey (D:2)
  A vampire bat (D:5)
  A hound (D:5)
  A bullfrog skeleton (D:5)
  Jessica (D:3)
  A scorpion zombie (D:5)
  8 adders
  3 gnolls (D:5)
  An ufetubus (D:5)
  3 worms
  4 dart slugs
  3 orcs
  8 endoplasms
  3 giant cockroaches
  8 goblins
  13 hobgoblins
  2 jackals (D:1)
  5 kobolds
  2 quokkas (D:1)
  6 ball pythons
  8 bats
  5 frilled lizards
  3 rats
95 creatures vanquished.

Notes
Turn   | Place    | Note
-------+----------+-------------------------------------------
     0 | D:1      | worthlessgem the Djinni Warper began the quest for the Orb.
     0 | D:1      | Reached XP level 1. HP: 18/18 MP: 0/0
   172 | D:1      | Reached XP level 2. HP: 19/23 MP: 0/0
   313 | D:1      | Reached skill level 3 in Spellcasting
   621 | D:1      | Reached XP level 3. HP: 27/28 MP: 0/0
   621 | D:1      | Learned a level 1 spell: Shock
  1527 | D:3      | Found a faded altar of an unknown god.
  1567 | D:3      | Reached XP level 4. HP: 14/33 MP: 0/0
  1844 | D:3      | Found a runed translucent door.
  2057 | D:3      | Noticed Jessica
  2074 | D:3      | Killed Jessica
  2075 | D:3      | Reached skill level 4 in Spellcasting
  2247 | D:3      | Noticed 0gre's ghost (weakling GnCj)
  2525 | D:3      | Reached XP level 5. HP: 29/38 MP: 0/0
  2525 | D:3      | Learned a level 2 spell: Passwall
  2733 | D:4      | Noticed a +0 falchion
  2733 | D:4      | Noticed a +0 dagger
  2733 | D:4      | Noticed a +0 falchion
  2733 | D:4      | Noticed a +0 spear
  2733 | D:4      | Noticed a +0 short sword
  2733 | D:4      | Noticed a +0 spear
  2736 | D:4      | Noticed a +0 dagger
  2736 | D:4      | Noticed a +0 short sword
  2757 | D:4      | Found a hide-covered altar of Uskayaw.
  2842 | D:5      | Entered Level 5 of the Dungeon
  3147 | D:5      | Identified the +1 war axe of Moeramy {vorpal, rN+}
  3165 | D:4      | Found a staircase to the Ecumenical Temple.
  3249 | Temple   | Entered the Ecumenical Temple
  3256 | Temple   | Became a worshipper of Elyvilon the Healer
  3397 | D:2      | Reached XP level 6. HP: 41/43 MP: 0/0
  3904 | D:2      | Reached skill level 5 in Spellcasting
  4228 | D:4      | Reached * piety under Elyvilon
  4369 | D:4      | Found an iron altar of Okawaru.
  4380 | D:4      | Noticed an ogre
  4411 | D:4      | Killed an ogre
  4412 | D:4      | Reached XP level 7. HP: 50/50 MP: 0/0
  4412 | D:4      | Learned a level 2 spell: Poisonous Vapours
  5267 | D:5      | Found an opulent altar of Gozag.
  5371 | D:5      | Reached XP level 8. HP: 58/58 MP: 0/0
  5465 | D:5      | Slain by a wyvern zombie

Illustrated notes

Levels and vault maps discovered:
D:1:      erik_arrival_triangle_small, layout_basic, nrook_mini_backslash
D:2:      layout_loops_ring
D:3:      layout_loops_ring, ebering_ecumenical_altar_mist,
          ebering_ghost_sewer_d, grunt_ministairs_5, uniq_jessica
D:4:      layout_loops_ring, mainiacjoe_overflow_alcove_1,
          nicolae_uskayaw_en_pointe, minmay_temple_entry_stoned_glass
D:5:      layout_basic, nicolae_gozag_seed_capital, roderic_batcave,
          ebering_dispersal_statue_hall, minmay_hedge_maze
Temple:   nicolae_temple_no_exploring_needed

Skill      XL: |  1  2  3  4  5  6  7 |
---------------+----------------------+-----
Spellcasting   | 3 4 5 |  5.0
Long Blades    | 2 4 |  4.4
Fighting       | 3 4 |  4.3
Throwing       | |  0.7
Armour         | |  1.0
Dodging        | |  2.1

Action                   |  1- 3 |  4- 6 |  7- 9 || total
-------------------------+-------+-------+-------++-------
Melee: Falchion          |    63 |       |       ||    63
       Dagger            |       |    54 |     3 ||    57
       War axe           |       |     6 |    13 ||    19
       Spear             |       |       |    59 ||    59
 Fire: Hunting sling     |       |    28 |       ||    28
 Cast: Shock             |    38 |    55 |     1 ||    94
       Teleport Other    |       |     2 |     2 ||     4
       Poisonous Vapours |       |       |     3 ||     3
  Use: Scroll            |       |     5 |       ||     5
 Stab: Sleeping          |     1 |       |       ||     1
Armor: Leather armour    |    27 |    18 |    22 ||    67
Dodge: Dodged            |    39 |    46 |    57 ||   142
       Rpst.: Falchion   |    12 |       |       ||    12
